 Dungeon Crawl Stone Soup version 0.32-a0-314-g526f7d4993 (webtiles) character file.

Game seed: 4608869292809616013

1756 Dordric the Mimic (level 8, 0/68 HPs)
             Began as a Troll Shapeshifter on Feb 15, 2024.
             Was a Follower of Makhleb.
             Slain by a killer bee (7 damage)
             ... on level 7 of the Dungeon.
             The game lasted 00:05:31 (5277 turns).

Dordric the Mimic (Troll Shapeshifter)              Turns: 5277, Time: 00:05:32

Health: 0/68       AC:  4    Str: 25    XL:     8   Next: 78%
Magic:  7/7        EV: 13    Int:  6    God:    Makhleb [*.....]
Gold:   316        SH:  0    Dex:  9    Spells: 7/7 levels left

rFire   . .          .
                       - Unarmed
rCold   . . .        (shield currently unavailable)
rNeg    . . .        a - melded +0 animal skin
rPois   .            (helmet restricted)
rElec   .            n - +1 cloak
rCorr   .            (gloves unavailable)
SInv    .            (boots unavailable)
Will    .....        k - amulet of faith
Stlth   +            (no ring)
HPRegen 1.11/turn    (no ring)
MPRegen 0.10/turn

%: faith
@: flux-form, hasted, glowing, very quick
A: glow, contaminating, large, unfitting armour, claws 3, regeneration 1, shaggy
fur 1, tough skin 1
a: Begin Untransformation, Renounce Religion


You were on level 7 of the Dungeon.
You worshipped Makhleb.
Makhleb was aware of your devotion.
You were something dangerously unstable.
You visited 1 branch of the dungeon, and saw 7 of its levels.

You collected 316 gold pieces.

Inventory:

Armour
 a - a +0 animal skin (melded)
 n - a +1 cloak (worn)
Jewellery
 k - an amulet of faith (around neck)
 q - an amulet of magic regeneration
 u - a ring of resist corrosion
Talismans
 c - a beast talisman
 d - a flux talisman (active)
Wands
 l - a wand of polymorph (2)
 v - a wand of charming (6)
 y - a wand of flame (41)
Scrolls
 e - 2 scrolls of fog
 f - a scroll of immolation
 h - a scroll of noise
 j - a scroll of enchant armour {unknown}
 m - a scroll of teleportation
 p - a scroll of fear
 t - 2 scrolls of revelation {unknown}
 w - a scroll of brand weapon {unknown}
 x - 7 scrolls of identify
 z - a scroll of amnesia {unknown}
Potions
 b - a potion of lignification
 g - 2 potions of invisibility {unknown}
 i - 2 potions of mutation {unknown}
 o - 2 potions of attraction {unknown}
 r - a potion of haste
 s - 2 potions of curing
 A - 2 potions of resistance {unknown}


   Skills:
 - Level 0.7 Fighting
 - Level 1.5 Dodging
 - Level 3.0 Unarmed Combat
 + Level 10.8 Shapeshifting


You had 7 spell levels left.
You didn't know any spells.
Your spell library contained the following spells:

 Spells                   Type           Power      Damage    Failure   Level
 Shock                    Conj/Air       0%         1d3       45%         1
 Ensorcelled Hibernation  Hex/Ice        0%         N/A       58%         2
 Fugue of the Fallen      Necr           0%         N/A       83%         3
 Ozocubu's Armour         Ice            0%         N/A       83%         3
 Passwall                 Erth           0%         N/A       83%         3
 Swiftness                Air            0%         N/A       83%         3
 Airstrike                Air            0%         2d(0-16)  99%         4
 Manifold Assault         Tloc           0%         N/A       99%         4


Dungeon Overview and Level Annotations

Branches:
Dungeon (7/15)             Temple (0/1) D:5

Altars:
Dithmenos
Kikubaaqudgha
Makhleb
Okawaru
Uskayaw
Xom
The Shining One

Annotations:
D:5 3 runed translucent doors, cowhearter's ghost, novice DsGl


Innate Abilities, Weirdness & Mutations

You are something dangerously unstable.
You glow with magical radiation, making you easy to see and hit.
Foes you strike become dangerously contaminated with magical radiation.
You are incapable of wielding weapons or throwing items.
You are too large for most types of armour.
You have claws for hands.
Your natural rate of healing is unusually fast.
You are covered in fur. (AC +1)
You have tough skin. (AC +1)


Message History

You closely miss the killer bee.
The killer bee is severely wounded.
You feel very sick.
The killer bee stings you but does no damage.
The killer bee barely misses you.
You scratch the killer bee.
The killer bee glows dangerously bright.
The killer bee is almost dead.
You feel very sick. The killer bee misses you. The killer bee stings you.
You are more poisoned.
The killer bee poisons you!
You claw the killer bee!
You kill the killer bee!
Makhleb accepts your kill.
You feel very sick. The killer bee stings you.
* * * LOW HITPOINT WARNING * * *
You are more poisoned.
The killer bee poisons you!
* * * LOW HITPOINT WARNING * * *
You feel very sick.
The killer bee attacks as it pursues you!
The killer bee barely misses you. x2
* * * LOW HITPOINT WARNING * * *
You feel very sick. The killer bee stings you.
* * * LOW HITPOINT WARNING * * *
You closely miss the killer bee.
* * * LOW HITPOINT WARNING * * *
You feel very sick. The killer bee closely misses you.
Unknown command.
It was a potion of curing.
You feel better. The killer bee stings you.
* * * LOW HITPOINT WARNING * * *
The killer bee stings you.
* * * LOW HITPOINT WARNING * * *
It was a potion of haste.
You feel yourself speed up. The killer bee misses you.
The killer bee stings you!
You die...

#..........#
#.........#
#.........###
#............ #####
#............ #...#
#.y.......... #...#
##.##'##.....
#...########.#...>
...
#.<....pyyyy.#y###..
. #...##########.
... #...# #y ..
##### #y . #.


You could see 4 killer bees.

Vanquished Creatures
  A water moccasin (D:6)
  A sky beast (D:6)
  An ice beast (D:6)
  2 ogres
  A phantom (D:4)
  2 bullfrogs (D:6)
  6 scorpions
  A killer bee (D:7)
  A howler monkey (D:5)
  A jelly (D:4)
  2 orc priests (D:3)
  A bombardier beetle (D:5)
  Crazy Yiuf (D:2)
  3 hounds
  3 iguanas
  2 orc wizards
  5 gnolls (D:5)
  4 adders
  A white imp (D:6)
  3 ribbon worms
  7 orcs
  9 ball pythons
  9 endoplasms
  2 giant cockroaches
  12 goblins
  8 hobgoblins
  7 jackals
  5 quokkas
  7 bats
  5 frilled lizards
  6 kobolds
  3 rats (D:3)
122 creatures vanquished.

Notes
Turn   | Place    | Note
-------+----------+-------------------------------------------
     0 | D:1      | Dordric the Troll Shapeshifter began the quest for the Orb.
     0 | D:1      | Reached XP level 1. HP: 18/18 MP: 0/0
    24 | D:1      | Reached XP level 2. HP: 26/26 MP: 1/1
   157 | D:1      | Reached skill level 4 in Shapeshifting
   200 | D:1      | Reached XP level 3. HP: 32/32 MP: 2/2
  1180 | D:2      | Reached XP level 4. HP: 39/40 MP: 3/3
  1522 | D:2      | Found a runed translucent door.
  1523 | D:2      | Noticed Crazy Yiuf
  1545 | D:2      | Killed Crazy Yiuf
  1546 | D:2      | Reached skill level 5 in Shapeshifting
  1987 | D:2      | Reached XP level 5. HP: 38/46 MP: 4/4
  2004 | D:3      | Found a faded altar of an unknown god.
  2157 | D:3      | Reached skill level 6 in Shapeshifting
  2347 | D:3      | Reached XP level 6. HP: 50/54 MP: 5/5
  2814 | D:4      | Reached skill level 7 in Shapeshifting
  2949 | D:4      | Found an iron altar of Okawaru.
  3222 | D:4      | Found a burning altar of Makhleb.
  3222 | D:4      | Found a shadowy altar of Dithmenos.
  3222 | D:4      | Found a shimmering altar of Xom.
  3222 | D:4      | Found a hide-covered altar of Uskayaw.
  3234 | D:4      | Found a glowing golden altar of the Shining One.
  3238 | D:4      | Found an ancient bone altar of Kikubaaqudgha.
  3387 | D:4      | Reached XP level 7. HP: 61/61 MP: 6/6
  3416 | D:4      | Became a worshipper of Makhleb the Destroyer
  3424 | D:5      | Entered Level 5 of the Dungeon
  3424 | D:5      | Found a runed translucent gate.
  3426 | D:5      | Found a runed translucent gate.
  3427 | D:5      | Found a runed translucent gate.
  3427 | D:5      | Noticed cowhearter's ghost (novice DsGl)
  3541 | D:5      | Reached skill level 8 in Shapeshifting
  3818 | D:5      | Found a staircase to the Ecumenical Temple.
  4188 | D:6      | Reached skill level 9 in Shapeshifting
  4188 | D:6      | Reached XP level 8. HP: 65/68 MP: 7/7
  4312 | D:6      | Reached * piety under Makhleb
  4400 | D:6      | Reached skill level 10 in Shapeshifting
  5275 | D:7      | HP: 2/68 [poisoned by a killer bee]
  5277 | D:7      | Slain by a killer bee

Illustrated notes

Levels and vault maps discovered:
D:1:      lightli_arrival_maybe_door_vault, layout_loops_corners,
          hangedman_decor_peaks_small, corexii_corridor_pit, serial_bayou_ford_a
D:2:      layout_loops_corners, uniq_crazy_yiuf_cottage
D:3:      layout_basic, nicolae_ecumenical_pavilion, kennysheep_generic_room_6
D:4:      layout_rooms, okawaru_metal_pillars_1_2, minmay_overflow_temple_hex,
          kennysheep_small_spiral
D:5:      layout_basic, minmay_temple_entry_waves,
          gammafunk_ghost_nasty_kobolds, kennysheep_potato
D:6:      layout_basic, serial_bayou_lagoon_a
D:7:      layout_basic, kennysheep_generic_room_8

Skill      XL: |  1  2  3  4  5  6  7  8 |
---------------+-------------------------+-----
Shapeshifting  | 4 5 6 7 9 10 | 10.8
Fighting       | |  0.7
Dodging        | |  1.5
Unarmed Combat | |  3.0

Action                     |  1- 3 |  4- 6 |  7- 9 || total
---------------------------+-------+-------+-------++-------
  Melee: Unarmed           |    75 |   167 |   147 ||   389
    Use: Scroll            |       |       |     5 ||     5
         Potion            |       |       |     2 ||     2
   Stab: Sleeping          |     1 |       |       ||     1
 Armour: Animal skin       |    35 |    13 |       ||    48
         Skin              |       |    78 |    89 ||   167
  Dodge: Dodged            |    31 |   111 |    97 ||   239
   Form: Flux              |       |     1 |       ||     1

Table legend: (Time is in decaauts)
 A = Elapsed time spent in this place.
 B = Non-inter-level travel time spent in this place.
 C = Inter-level travel time spent in this place.
 D = Time resting spent in this place.
 E = Time spent auto-exploring this place.
 F = Levels seen in this place.
 G = Mean time per level.
                   A        B        C        D        E       F      G
               +--------+--------+--------+--------+--------+-----+--------+
         Total |   5251 |   4948 |    303 |      0 |   4139 |   7 |  750.1 |
       Dungeon |   5251 |   4948 |    303 |      0 |   4139 |   7 |  750.1 |
               +--------+--------+--------+--------+--------+-----+--------+

Top non-repeatable levels by time:
     D:6: 1057 daAuts
     D:2: 1001 daAuts
     D:1: 994 daAuts
     D:3: 755 daAuts
     D:5: 753 daAuts
     D:4: 657 daAuts
     D:7: 32 daAuts
